 Dungeon Crawl Stone Soup version 0.22-a0-433-gd2a9cce (webtiles) character file.

133 nikopol the Magician (level 4, -3/24 HPs)
             Began as a Deep Elf Fire Elementalist on May 28, 2018.
             Slain by an adder (4 damage)
             ... on level 3 of the Dungeon.
             The game lasted 00:06:33 (2302 turns).

nikopol the Magician (Deep Elf Fire Elementalist)   Turns: 2302, Time: 00:06:34

Health: -3/24      AC:  4    Str: 10    XL:     4   Next: 93%
Magic:  1/12       EV: 13    Int: 26    God:
Gold:   107        SH:  0    Dex: 15    Spells: 2/12 levels left

rFire    + . .     SeeInvis .   (no weapon)
rCold    + . .     Gourm    .   (no shield)
rNeg     . . .     Faith    .   a - +0 robe
rPois    +         Spirit   .   k - +0 helmet
rElec    +         Reflect  .   (no cloak)
rCorr    +         Harm     .   l - +0 pair of gloves
MR       .....                  (no boots)
Stlth    ++........             (no amulet)
HPRegen  0.08/turn              (no ring)
MPRegen  0.13/turn              (no ring)

@: mighty, brilliant, lethally poisoned (-3 -> -6), resistant, very slightly
contaminated
A: no striking features
a: no special abilities


You were on level 3 of the Dungeon.
You were not hungry.

You visited 1 branch of the dungeon, and saw 3 of its levels.

You collected 107 gold pieces.

Inventory:

Armour
 a - a +0 robe (worn)
 k - a +0 helmet (worn)
 l - a +0 pair of gloves (worn)
Scrolls
 b - 2 scrolls of enchant weapon {unknown}
 d - a scroll of random uselessness {unknown}
 f - a scroll of immolation {unknown}
 g - a scroll of identify {unknown}
 h - a scroll of magic mapping {unknown}
 m - 3 scrolls of fear {unknown}
 n - 2 scrolls of teleportation {unknown}
 q - 3 scrolls of remove curse {unknown}
 r - 2 scrolls of amnesia {unknown}
Potions
 e - a potion of brilliance
 p - a potion of magic {unknown}
Comestibles
 c - 5 rations
 o - 3 chunks of flesh


   Skills:
 + Level 0.2 Fighting
 + Level 2.8 Dodging
 + Level 3.0 Stealth
 + Level 4.6 Spellcasting
 + Level 2.3 Conjurations
 + Level 4.4 Fire Magic


You had 2 spell levels left.
You knew the following spells:

 Your Spells              Type           Power        Failure   Level  Hunger
a - Flame Tongue          Conj/Fire      #####        1%          1    None
b - Throw Flame           Conj/Fire      #####.       1%          2    None
c - Conjure Flame         Conj/Fire      #####...     1%          3    ##.....
d - Sticky Flame          Conj/Fire      #####...     2%          4    ####...

Your spell library contained the following spells:

 Spells                   Type           Power        Failure   Level  Hunger
 Fireball                 Conj/Fire      #####.....   7%          5    #####..
 Confuse                  Hex            ###.....     3%          3    ##.....
 Tukima's Dance           Hex            ###.....     3%          3    ##.....
 Ensorcelled Hibernation  Hex/Ice        ###...       1%          2    None
 Corona                   Hex            ###....      1%          1    None
 Inner Flame              Hex/Fire       ####....     1%          3    ##.....
 Dazzling Spray           Conj/Hex       ####..       1%          3    ##.....


Dungeon Overview and Level Annotations

Branches:
Dungeon (3/15)

Altars:


Message History

Press: ? - help, Shift-Dir - straight line, f/p - adder
Aim: an adder (moderately wounded)
The flame tongue misses the adder.
The adder barely misses you.
It was a potion of brilliance.
You feel clever all of a sudden.
* * * LOW HITPOINT WARNING * * *
You feel sick. The adder bites you.
* * * LOW HITPOINT WARNING * * *
The adder bites you.
* * * LOW HITPOINT WARNING * * *
* * * LOW HITPOINT WARNING * * *
You feel sick.
It was a potion of might.
You feel very mighty all of a sudden. The adder bites you.
* * * LOW HITPOINT WARNING * * *
It was a potion of resistance.
You feel protected. The adder bites you but does no damage.
The adder bites you.
You die...

......# #.# #.# #.##.........#
....... #.# #.####.##.........#
.......##.# #....#.##.........#
.....#..#.###..#..............#
........#.#<#..###.##.#.....###
#....#.#....#.##.#.##..#
#.#.........#.##.#.##..###
...#..#.##.........)......#
.....##.#...@.##.#.##.#.#.#.#
...v... #.##..S..#.#†.....#.#..
.......##>####.###.######.#.###
...###.......#.# #.............
... #######.#.##########.#.##.
######.#........ ...#.##.
.........#############.##.
######...##.. ........##.
#.#.##.#############.


You could see an adder.

Vanquished Creatures
  A bullfrog skeleton (D:3)
  A worker ant (D:2)
  2 adders (D:3)
  An ooze (D:1)
  A worm (D:2)
  A dart slug (D:3)
  2 leopard geckos
  An orc (D:3)
  A giant cockroach (D:1)
  4 goblins
  4 hobgoblins (D:1)
  8 jackals (D:2)
  8 bats
  2 frilled lizards
  5 kobolds
  7 rats (D:1)
49 creatures vanquished.

Notes
Turn   | Place    | Note
-------+----------+-------------------------------------------
     0 | D:1      | nikopol the Deep Elf Fire Elementalist began the quest for the Orb.
     0 | D:1      | Reached XP level 1. HP: 10/10 MP: 6/6
   141 | D:1      | Reached XP level 2. HP: 15/15 MP: 5/8
   813 | D:1      | Reached XP level 3. HP: 19/19 MP: 8/10
   919 | D:2      | Learned a level 2 spell: Throw Flame
   923 | D:2      | Learned a level 3 spell: Conjure Flame
  1599 | D:2      | Reached XP level 4. HP: 14/24 MP: 1/12
  2117 | D:3      | Learned a level 4 spell: Sticky Flame
  2301 | D:3      | HP: 1/24 [adder (1)]
  2302 | D:3      | Slain by an adder

Vault maps used:
D:1:      dpeg_arrival_chase
D:2:      first_ration

Skill      XL: |  1  2  3  4 |
---------------+-------------+-----
Fire Magic     | 4 |  4.4
Spellcasting   | 4 |  4.6
Stealth        | 3 |  3.0
Conjurations   | 2 |  2.3
Fighting       | |  0.2
Dodging        | |  2.8

Action                   |  1- 3 |  4- 6 || total
-------------------------+-------+-------++-------
Melee: Unarmed           |     1 |       ||     1
 Cast: Flame Tongue      |    73 |    31 ||   104
  Use: Potion            |       |     3 ||     3
  Eat: Chunk             |     2 |     2 ||     4
Armor: Robe              |     7 |     3 ||    10
Dodge: Dodged            |    23 |    13 ||    36

Table legend:
 A = Spawn XP
 B = Non-spawn XP
 C = Spawn XP percentage of total XP
 D = Spawn monster count
 E = Non-spawn monster count
 F = Spawn count percentage of total count
 G = Total turns spent on level
                    A         B        C        D         E        F      G
               +---------+---------+-------+---------+---------+-------+---------
         Total |       0 |     190 |   0.0 |       0 |      49 |   0.0 |  2302
               +---------+---------+-------+---------+---------+-------+---------
           D:1 |       0 |      43 |   0.0 |       0 |      24 |   0.0 |   908
           D:2 |       0 |      59 |   0.0 |       0 |      14 |   0.0 |  1073
           D:3 |       0 |      88 |   0.0 |       0 |      11 |   0.0 |   321
               +---------+---------+-------+---------+---------+-------+---------
